 Dungeon Sprint DCSS version 0.19.1-1-g22dce08 (webtiles) character file.

44615 Angani the Stormcaller (level 13, -2/94 HPs)
             Began as a Yellow Draconian Air Elementalist on Jan 19, 2017.
             Was the Champion of Vehumet.
             Slain by a fire giant
             ... wielding a +1 great sword of flaming
              (18 damage)
             ... in the Dungeon (Sprint IX: "|||||||||||||||||||||||||||||").
             The game lasted 00:27:07 (5840 turns).

Angani the Stormcaller (DrAE)                       Turns: 5840, Time: 00:27:07

Health: -2/94      AC: 15    Str: 18    XL:     13   Next: 97%
Magic:  21/35      EV: 14    Int: 19    God:    Vehumet [******]
Gold:   1646       SH:  0    Dex: 16    Spells: 7 memorised, 12 levels left

rFire  + . .     SeeInvis .     k - staff of energy
rCold  + . .     Gourm    .     (armour unavailable)
rNeg   . . .     Faith    .     (no shield)
rPois  +         Spirit   .     (helmet restricted)
rElec  +         Reflect  .     w - +0 cloak "Soeci" {-Tele MR+ Str+6 Dex+4}
rCorr  +         Harm     .     l - +0 pair of gloves
MR     +....     Rnd*Rage +     m - +2 pair of boots
Stlth  ++........ NoTele   +    p - amulet of regeneration
                                o - +2 ring of protection
                                n - +2 ring of evasion

@: resistant, very slightly contaminated, hasted and slowed
A: spit acid, acid resistance, unfitting armour, berserk 1, deterioration 1,
robust 1, cold-blooded, MP-powered wands, AC +8
a: Spit Acid, Renounce Religion


You were in the Dungeon.
You worshipped Vehumet.
Vehumet was exalted by your worship.
You were not hungry.

You visited 1 branch You collected 1902 gold pieces.
You spent 256 gold pieces at shops.

Inventory:

Armour
 l - a +0 pair of gloves (worn)
 m - a +2 pair of boots (worn)
 w - the +0 cloak "Soeci" (worn) {-Tele MR+ Str+6 Dex+4}
   (You bought it in a shop in the Dungeon)

   It affects your strength (+6).
   It affects your dexterity (+4).
   It affects your resistance to hostile enchantments.
   It prevents most forms of teleportation.
Magical Staves
 k - an uncursed staff of energy (weapon)
Jewellery
 n - a +2 ring of evasion (left hand)
 o - a +2 ring of protection (right hand)
 p - an amulet of regeneration (around neck)
 x - an uncursed ring of protection from fire
 y - an uncursed ring of protection from magic
 z - an uncursed ring of fire
Wands
 j - a wand of lightning (7/15)
Scrolls
 g - 6 scrolls of remove curse
 h - a scroll of blinking
 i - 2 scrolls of amnesia
 q - a scroll of fear
 r - 2 scrolls of recharging
 C - a scroll of fog
Potions
 d - a potion of agility {unknown}
 e - a potion of invisibility
 v - 2 potions of degeneration {unknown}
Comestibles
 b - 13 bread rations
 s - a slice of pizza
 t - 17 fruits
 u - 12 meat rations


   Skills:
 - Level 1.7 Dodging
 - Level 1.7 Stealth
 - Level 18.3 Spellcasting
 - Level 19.5 Conjurations
 + Level 15.2 Fire Magic
 - Level 19.6 Air Magic


You had 12 spell levels left.
You knew the following spells:

 Your Spells              Type           Power        Failure   Level  Hunger
a - Shock                 Conj/Air       ####         0%          1    None
b - Lightning Bolt        Conj/Air       ######....   1%          5    None
c - Static Discharge      Conj/Air       ######..     0%          3    None
d - Sticky Flame          Conj/Fire      ######..     1%          4    None
e - Freezing Cloud        Conj/Ice/Air   ######....   1%          6    None
f - Chain Lightning       Conj/Air       ######....   2%          8    None
g - Fire Storm            Conj/Fire      ######....   75%         9    None


Dungeon Overview and Level Annotations

Branches:
Dungeon (1/1)

Altars:
Cheibriados
Dithmenos
Elyvilon
Fedhas
Gozag
Hepliaklqana
Kikubaaqudgha
Makhleb
Nemelex Xobeh
Okawaru
Qazlal
Ru
Sif Muna
Trog
Uskayaw
Vehumet
Xom
Yredelemnul
Zin
The Shining One
Beogh
Jiyva
Lugonu

Shops:
D [*?(


Innate Abilities, Weirdness & Mutations

You can spit globs of acid.
You are resistant to acid.
Your golden yellow scales are hard. (AC +8)
You cannot fit into any form of body armour.
You are cold-blooded and may be slowed by cold attacks.
You tend to lose your temper in combat.
Your body sometimes deteriorates upon taking damage.
You are robust. (+10% HP)
You expend magic power (3 MP) to strengthen your wands.


Message History

Confirm with . or Enter, or press ? or * to list all spells.
Aiming: Freezing Cloud
Press: ? - help, Dir - move target cursor, f - fire giant
Aim: a fire giant, wielding a great sword of flaming That beam is likely to hit you.
Continue anyway?
You are engulfed in freezing vapours.
You feel yourself slow down.
* * * LOW HITPOINT WARNING * * *
The fire giant is engulfed in freezing vapours.
Unknown command.
The fire giant is engulfed in freezing vapours.
Unknown command.
You feel yourself speed up.
The fire giant is engulfed in freezing vapours. x2
The fire giant points at you and mumbles some strange words.
The bolt of fire misses you.
You are very lightly contaminated with residual magic.
You feel protected.
The fire giant is engulfed in freezing vapours.
The fire giant hits you with a great sword of flaming!!
You die...

▓▓▓▓▓▓▓▓▓▓▓▓▓▓▓▓▓▓▓▓▓▓
..()..........C......▓
▓▓▓▓▓▓▓▓▓▓▓▓▓▓▓▓▓▓▓▓§▓
................@C§§§▓
♣♣♣♣♣♣▓▓▓▓▓▓▓▓▓▓▓▓▓▓▓▓
[....÷...............▓
♣♣♣♣♣♣▓▓▓▓▓▓▓▓▓▓▓▓▓▓.▓
.....................▓
▓▓▓▓▓▓▓▓▓▓▓▓▓▓▓▓▓▓▓▓▓▓
))))))...=.'......).)▓
▓▓▓▓▓▓▓▓▓▓▓▓▓▓▓▓▓▓▓▓.▓
...................(.▓


You could see a fire giant.

Vanquished Creatures
  A lich (D)
  Frances (D)
  A fire giant (D)
  A frost giant (D)
  2 stone giants (D)
  A merfolk impaler (D)
  An ettin (D)
  2 fire dragons (D)
  Harold (D)
  A rakshasa (D)
  An ice dragon (D)
  A naga warrior (D)
  2 catoblepae (D)
  A deep troll shaman (D)
  A tengu warrior (D)
  2 merfolk aquamancers (D)
  5 death yaks (D)
  4 orc high priests (D)
  2 naga sharpshooters (D)
  Sonja (D)
  A sea snake (D)
  2 swamp dragons (D)
  A harpy (D)
  9 orc knights (D)
  An ugly thing (D)
  4 orc sorcerers (D)
  2 wolf spiders (D)
  A manticore (D)
  A moth of wrath (D)
  Maurice (D)
  3 black mambas (D)
  Psyche (D)
  A naga mage (D)
  4 spiny frogs (D)
  2 yaktaurs (D)
  A komodo dragon (D)
  A polar bear (D)
  3 jumping spiders (D)
  A wind drake (D)
  A troll (D)
  A merfolk (D)
  A tyrant leech (D)
  A slime creature (D)
  A bog body (D)
  A snapping turtle (D)
  2 blink frogs (D)
  A hippogriff (D)
  2 redbacks (D)
  A tarantella (D)
  2 yaks (D)
  A basilisk (D)
  Grum (D)
  2 nagas (D)
  4 porcupines (D)
  2 swamp drakes (D)
  2 water moccasins (D)
  8 orc warriors (D)
  2 sky beasts (D)
  3 centaurs (D)
  5 wolves (D)
  3 crocodiles (D)
  A gnoll sergeant (D)
  5 bullfrogs (D)
  A quasit (D)
  A hound (D)
  A jelly (D)
  An orc priest (D)
  An orc wizard (D)
  A worker ant (D)
  An adder skeleton (D)
  A dart slug (D)
  11 orcs (D)
  2 bat skeletons (D)
  2 jackals (D)
  A ball python (D)
  A leopard gecko zombie (D)
  A quokka skeleton (D)
  2 rats (D)
153 creatures vanquished.

Notes
Turn   | Place    | Note
-------+----------+-------------------------------------------
     0 | D        | Angani the Draconian Air Elementalist began the quest for the Orb.
     0 | D        | Reached XP level 1. HP: 14/14 MP: 3/3
   126 | D        | Noticed a sky beast
   126 | D        | Noticed a centaur
   126 | D        | Noticed a worker ant
   130 | D        | Reached XP level 2. HP: 14/20 MP: 1/5
   138 | D        | Reached XP level 3. HP: 26/26 MP: 0/8
   141 | D        | Killed a centaur
   141 | D        | Reached skill level 5 in Spellcasting
   141 | D        | Reached skill level 5 in Conjurations
   141 | D        | Reached XP level 4. HP: 27/33 MP: 0/11
   149 | D        | Killed a sky beast
   149 | D        | Reached XP level 5. HP: 13/38 MP: 1/13
   389 | D        | Found a roughly hewn altar of Beogh.
   389 | D        | Found a snail-covered altar of Cheibriados.
   389 | D        | Found a shadowy altar of Dithmenos.
   389 | D        | Found a white marble altar of Elyvilon.
   389 | D        | Found a blossoming altar of Fedhas.
   389 | D        | Found an opulent altar of Gozag.
   390 | D        | Found a hazy altar of Hepliaklqana.
   391 | D        | Found a viscous altar of Jiyva.
   392 | D        | Found an ancient bone altar of Kikubaaqudgha.
   393 | D        | Found a corrupted altar of Lugonu.
   394 | D        | Found a burning altar of Makhleb.
   395 | D        | Found a sparkling altar of Nemelex Xobeh.
   396 | D        | Found an iron altar of Okawaru.
   397 | D        | Found a stormy altar of Qazlal.
   398 | D        | Found a sacrificial altar of Ru.
   399 | D        | Found a deep blue altar of Sif Muna.
   400 | D        | Found a bloodstained altar of Trog.
   401 | D        | Found a hide-covered altar of Uskayaw.
   402 | D        | Found a radiant altar of Vehumet.
   403 | D        | Found a shimmering altar of Xom.
   404 | D        | Found a basalt altar of Yredelemnul.
   405 | D        | Found a glowing silver altar of Zin.
   406 | D        | Found a glowing golden altar of the Shining One.
   410 | D        | Became a worshipper of Vehumet
   448 | D        | Noticed a yak
   448 | D        | Noticed a sky beast
   448 | D        | Noticed a centaur
   456 | D        | Learned a level 5 spell: Lightning Bolt
   457 | D        | Killed a centaur
   457 | D        | Reached XP level 6. HP: 45/45 MP: 8/15
   513 | D        | Reached * piety under Vehumet
   513 | D        | Offered knowledge of Freeze by Vehumet.
   518 | D        | Killed a yak
   518 | D        | Your scales start taking on a golden yellow colour.
   518 | D        | Reached XP level 7. HP: 50/50 MP: 1/18
   528 | D        | Reached ** piety under Vehumet
   532 | D        | Gained mutation: You tend to lose your temper in combat. [mutagenic meat]
   533 | D        | Gained mutation: Your body sometimes deteriorates upon taking damage. [mutagenic meat]
   534 | D        | Gained mutation: You are robust. (+10% HP) [mutagenic meat]
   537 | D        | Gained mutation: You expend magic power (3 MP) to strengthen your wands. [mutagenic meat]
   630 | D        | Learned a level 3 spell: Static Discharge
   685 | D        | Noticed a tengu warrior
   687 | D        | Offered knowledge of Throw Flame by Vehumet.
   689 | D        | Reached *** piety under Vehumet
   689 | D        | Reached skill level 10 in Air Magic
   769 | D        | Killed a tengu warrior
   769 | D        | Reached skill level 10 in Spellcasting
   769 | D        | Reached XP level 8. HP: 25/62 MP: 11/22
  1114 | D        | Noticed a komodo dragon
  1114 | D        | Noticed a spiny frog
  1116 | D        | Offered knowledge of Dazzling Spray by Vehumet.
  1116 | D        | Reached **** piety under Vehumet
  1118 | D        | Killed a komodo dragon
  1118 | D        | Reached XP level 9. HP: 60/68 MP: 11/23
  1119 | D        | Killed a spiny frog
  1119 | D        | Reached ***** piety under Vehumet
  1252 | D        | Noticed a polar bear
  1256 | D        | Killed a polar bear
  1257 | D        | Reached ****** piety under Vehumet
  1344 | D        | Noticed a catoblepas
  1344 | D        | Noticed a death yak
  1344 | D        | Noticed a death yak
  1344 | D        | Noticed a death yak
  1344 | D        | Noticed a death yak
  1356 | D        | Killed a death yak
  1356 | D        | Offered knowledge of Fulminant Prism by Vehumet.
  1356 | D        | Reached XP level 10. HP: 65/75 MP: 16/24
  1356 | D        | Killed a death yak
  1356 | D        | Reached skill level 15 in Conjurations
  1356 | D        | Reached skill level 15 in Air Magic
  1359 | D        | Killed a death yak
  1368 | D        | Noticed a catoblepas
  1369 | D        | Noticed a death yak
  1370 | D        | Killed a death yak
  1370 | D        | Killed a catoblepas
  1370 | D        | Killed a death yak
  1394 | D        | Killed a catoblepas
  1394 | D        | Reached XP level 11. HP: 81/81 MP: 7/25
  1566 | D        | Noticed Psyche
  1570 | D        | Killed Psyche
  1570 | D        | Offered knowledge of Iskenderun's Battlesphere by Vehumet.
  1725 | D        | Noticed an orc knight
  1730 | D        | Killed an orc knight
  1732 | D        | Noticed an orc knight
  1744 | D        | Offered knowledge of Fireball by Vehumet.
  1751 | D        | Killed an orc knight
  1929 | D        | Noticed an orc knight
  1929 | D        | Noticed an orc knight
  1929 | D        | Noticed an orc knight
  1929 | D        | Noticed an orc knight
  1937 | D        | Killed an orc knight
  1938 | D        | Killed an orc knight
  1970 | D        | Killed an orc knight
  1970 | D        | Offered knowledge of Sticky Flame by Vehumet.
  1986 | D        | Killed an orc knight
  2134 | D        | Learned a level 4 spell: Sticky Flame
  2140 | D        | Noticed an orc knight
  2168 | D        | Killed an orc knight
  2436 | D        | Noticed an orc sorcerer
  2439 | D        | Killed an orc sorcerer
  2550 | D        | Found Osiesap's Weapon Boutique.
  2550 | D        | Noticed an orc high priest
  2550 | D        | Noticed an orc high priest
  2550 | D        | Noticed an orc high priest
  2553 | D        | Killed an orc high priest
  2553 | D        | Offered knowledge of Poisonous Cloud by Vehumet.
  2555 | D        | Noticed an orc knight
  2556 | D        | Killed an orc high priest
  2558 | D        | Noticed a sun demon
  2561 | D        | Killed an orc high priest
  2616 | D        | Killed an orc knight
  2750 | D        | Noticed an orc knight
  2759 | D        | Killed an orc knight
  2759 | D        | Reached XP level 12. HP: 89/89 MP: 9/26
  2878 | D        | Offered knowledge of Freezing Cloud by Vehumet.
  3017 | D        | Noticed an orc high priest
  3021 | D        | Killed an orc high priest
  3151 | D        | Found Woam Wapire's Magic Scroll Shop.
  3155 | D        | Found Herokk's General Store.
  3158 | D        | Found Xehoytz's Antique Armour Shop.
  3167 | D        | Bought a crude cloak for 256 gold pieces
  3172 | D        | Identified the +0 cloak "Soeci" {-Tele MR+ Str+6 Dex+4} (You bought it in a shop in the Dungeon)
  3184 | D        | Learned a level 6 spell: Freezing Cloud
  3211 | D        | Noticed Maurice
  3215 | D        | Killed Maurice
  3318 | D        | Noticed Harold
  3324 | D        | Killed Harold
  3654 | D        | Offered knowledge of Bolt of Fire by Vehumet.
  3687 | D        | Noticed a deep troll shaman
  3696 | D        | Noticed a rakshasa
  3696 | D        | Noticed a frost giant
  3825 | D        | Killed a deep troll shaman
  3825 | D        | Offered knowledge of Conjure Ball Lightning by Vehumet.
  3830 | D        | Killed a frost giant
  4050 | D        | Killed a rakshasa
  4145 | D        | Noticed an ettin
  4151 | D        | Killed an ettin
  4383 | D        | Noticed Frances
  4399 | D        | Killed Frances
  4399 | D        | Reached skill level 15 in Spellcasting
  4527 | D        | Noticed Sonja
  4528 | D        | Killed Sonja
  4605 | D        | Offered knowledge of Orb of Destruction by Vehumet.
  4608 | D        | Reached XP level 13. HP: 57/94 MP: 6/33
  4868 | D        | Noticed a merfolk impaler
  4870 | D        | Killed a merfolk impaler
  4871 | D        | Offered knowledge of Fire Storm by Vehumet.
  4871 | D        | Offered knowledge of Chain Lightning by Vehumet.
  4871 | D        | Offered knowledge of Tornado by Vehumet.
  4945 | D        | Learned a level 8 spell: Chain Lightning
  4955 | D        | Learned a level 9 spell: Fire Storm
  4967 | D        | Reached skill level 1 in Fire Magic
  4973 | D        | Reached skill level 5 in Fire Magic
  5306 | D        | Reached skill level 10 in Fire Magic
  5552 | D        | Noticed Grum
  5554 | D        | Killed Grum
  5649 | D        | Noticed a stone giant
  5649 | D        | Noticed a fire dragon
  5649 | D        | Noticed a fire dragon
  5649 | D        | Noticed a stone giant
  5649 | D        | Noticed a fire giant
  5650 | D        | Noticed a lich
  5653 | D        | Killed a stone giant
  5653 | D        | Killed a lich
  5653 | D        | Killed a fire dragon
  5654 | D        | Killed a fire giant
  5654 | D        | Killed a stone giant
  5654 | D        | Killed a fire dragon
  5828 | D        | Noticed a fire giant
  5836 | D        | Reached skill level 15 in Fire Magic
  5840 | D        | Slain by a fire giant

Skill      XL: |  1  2  3  4  5  6  7  8  9 10 11 12 13 |
---------------+----------------------------------------+-----
Conjurations   | 2 3 5 6 7 8 11 12 14 16 19 | 19.5
Spellcasting   | 3 5 6 8 10 16 18 | 18.3
Air Magic      | 4 6 7 9 11 12 14 16 19 | 19.6
Fire Magic     | 15 | 15.2
Dodging        | |  1.7
Stealth        | |  1.7

Action                   |  1- 3 |  4- 6 |  7- 9 | 10-12 | 13-15 || total
-------------------------+-------+-------+-------+-------+-------++-------
Melee: Unarmed           |    19 |     7 |       |       |       ||    26
       Tailslap          |     2 |       |     2 |    10 |       ||    14
       Staff             |       |       |    11 |    53 |     6 ||    70
 Cast: Shock             |     7 |     3 |     6 |     5 |     5 ||    26
       Lightning Bolt    |       |     5 |    30 |   109 |    42 ||   186
       Sticky Flame      |       |       |       |     1 |     4 ||     5
       Freezing Cloud    |       |       |       |     6 |     6 ||    12
       Static Discharge  |       |       |       |     1 |     4 ||     5
       Chain Lightning   |       |       |       |       |     3 ||     3
 Abil: Spit Acid         |       |       |     4 |    23 |     4 ||    31
  Use: Potion            |     2 |     1 |    11 |     3 |     9 ||    26
       Scroll            |       |       |       |     4 |       ||     4
  Eat: Chunk             |       |       |     8 |     1 |       ||     9
       Fruit             |       |       |       |    23 |       ||    23
Armor: Skin              |     6 |     4 |    33 |    34 |    15 ||    92
Dodge: Dodged            |    17 |     4 |    40 |    69 |    38 ||   168
